 Dungeon Crawl Stone Soup version 0.30-a0-347-gf58ed5266c (webtiles) character file.

Game seed: 1305009370343401479

1781 hikkokomori the Insei (level 8, -2/69 HPs)
             Began as a Pale Draconian Transmuter on Nov 7, 2022.
             Constricted to death by Grinder (6 damage)
             ... on level 6 of the Dungeon.
             The game lasted 00:14:23 (4901 turns).

hikkokomori the Insei (Pale Draconian Transmuter)   Turns: 4901, Time: 00:14:24

Health: -2/69      AC:  2    Str: 12    XL:     8   Next: 81%
Magic:  11/15      EV: 16    Int: 16    God:
Gold:   249        SH:  5    Dex: 17    Spells: 11/17 levels left

rFire   . . .      SeeInvis .      - Unarmed
rCold   . . .      Faith    .    (shield currently unavailable)
rNeg    + . .      Spirit   .    (body armour unavailable)
rPois   x          Reflect  +    (helmet currently unavailable)
rElec   .          Harm     .    (cloak currently unavailable)
rCorr   .          Rampage  .    (gloves currently unavailable)
Will    +....                    (boots currently unavailable)
Stlth   ++........               t - amulet of reflection
HPRegen 0.31/turn                c - ring of willpower
MPRegen 0.14/turn                i - ring of positive energy

@: spider-form (expiring), wereblooded, grasped by roots, constricted
A: venomous fangs, (breathe steam), AC +6, tiny, unfitting armour,
(cold-blooded), (steam resistance)
a: End Transformation


You were on level 6 of the Dungeon.
You were a venomous arachnid creature.
You visited 1 branch of the dungeon, and saw 6 of its levels.
You also visited: Sewer.

You collected 291 gold pieces.
You spent 42 gold pieces at shops.

Inventory:

Hand Weapons
 h - the +2 dagger of the Endless March {vamp, rN+ Int+3}
   (You found it in a sewer)

   It occasionally heals its wielder for a portion of the damage dealt when it
   wounds a living foe.
   Int:       It affects your intelligence (+3).
   rN:        It protects you from negative energy.
Missiles
 m - 4 javelins
Magical Staves
 s - a staff of fire
Jewellery
 c - a ring of willpower (left front leg)
 i - a ring of positive energy (right front leg)
 p - a ring of flight
 t - an amulet of reflection (around neck)
 y - a +6 ring of intelligence
 B - a ring of fire
Scrolls
 f - a scroll of acquirement
 j - 2 scrolls of poison
 l - a scroll of noise
 o - a scroll of identify
 r - 2 scrolls of teleportation
 u - a scroll of enchant armour
 w - a scroll of blinking {unknown}
 A - a scroll of amnesia
 C - a scroll of butterflies {unknown}
Potions
 a - a potion of lignification
 b - 2 potions of ambrosia {unknown}
 d - 2 potions of invisibility {unknown}
 e - 2 potions of curing
 g - a potion of haste {unknown}
 k - 2 potions of magic {unknown}
 n - 5 potions of heal wounds
 q - a potion of brilliance {unknown}
 v - a potion of degeneration {unknown}
 x - a potion of might {unknown}
 z - 2 potions of resistance {unknown}


   Skills:
 + Level 5.5 Fighting
 - Level 2.3 Dodging
 + Level 5.8 Unarmed Combat
 + Level 5.0 Spellcasting
 + Level 5.4 Transmutations
 + Level 4.5 Poison Magic


You had 11 spell levels left.
You knew the following spells:

 Your Spells              Type           Power      Damage    Failure   Level
a - Beastly Appendage     Tmut           42%        N/A       7%          1
b - Wereblood             Tmut           21%        N/A       10%         2
c - Spider Form           Tmut/Pois      19%        N/A       17%         3

Your spell library contained the following spells:

 Spells                   Type           Power      Damage    Failure   Level
 Foxfire                  Conj/Fire      16%        2x1d4     34%         1
 Summon Small Mammal      Summ           16%        N/A       34%         1
 Call Canine Familiar     Summ           4%         N/A       63%         3
 Gell's Gravitas          Tloc           4%         N/A       63%         3
 Lesser Beckoning         Tloc           8%         N/A       63%         3
 Summon Guardian Golem    Hex/Summ       4%         N/A       63%         3
 Teleport Other           Tloc           4%         N/A       63%         3
 Ice Form                 Ice/Tmut       12%        N/A       67%         4
 Yara's Violent Unravell  Hex/Tmut       6%         3d5       92%         5
 Enfeeble                 Hex            2%         N/A       100%        7


Dungeon Overview and Level Annotations

Branches:
Dungeon (6/15)              Sewer (visited)
 Temple: D:4-7

Altars:
Makhleb
Ru
Uskayaw
Xom

Shops:
D:2 ?[:[

Annotations:
D:3 3 runed translucent doors, Bravis's ghost, amateur GnWn; KryptKrawler's ghost, weakling OpCj; greenreed's ghost, amateur DsHu; koil's ghost, amateur DrTm
D:6 Grinder


Innate Abilities, Weirdness & Mutations

You are a venomous arachnid creature.
You have poisonous fangs.
You are tiny and dextrous.
Your spellcasting is less reliable in this form.
Your armour is entirely melded.
You are incapable of wielding weapons or throwing items.
((You can breathe blasts of scalding, opaque steam.))
((Your pale cyan-grey scales are hard. (AC +6)))
You cannot fit into any form of body armour.
((You are cold-blooded and may be slowed by cold attacks.))
((You are immune to the effects of steam.))


Message History

You hear a shout! x4
You barely miss Grinder.
Grinder is severely wounded.
The ice beast barely misses you. Grinder barely misses you.
The grasping roots constrict you.
Unknown command.
You hit Grinder but do no damage.
Grinder is poisoned.
Grinder is severely wounded.
The ice beast barely misses you.
An orc comes into view. It is wielding a +0 dagger.
You block Grinder's attack. The grasping roots constrict you!
Unknown command.
You hit Grinder but do no damage.
Grinder is severely wounded.
Your transformation is almost over.
You block the ice beast's attack. Grinder barely misses you.
The grasping roots constrict you.
The grasping roots release their grip on you.
Unknown command.
Grinder zaps a wand.
The roots erupt in riotous growth!
The ice beast is unaffected.
Grinder is unaffected.
The grasping roots grab you! The grasping roots constrict you.
You hear a shout!
You hit the ice beast but do no damage. You block the ice beast's attack.
The grasping roots constrict you.
Unknown command.
You bite the ice beast!
The ice beast is moderately wounded.
The ice beast barely misses you. The grasping roots constrict you!
* * * LOW HITPOINT WARNING * * *
Unknown command.
You hit the ice beast.
The ice beast is heavily wounded.
The ice beast hits you.
* * * LOW HITPOINT WARNING * * *
The ice beast freezes you!
* * * LOW HITPOINT WARNING * * *
The grasping roots constrict you.
You die...

#.....#
#.....#####
#.........###
#...........
#.........#
#.........#
#..$.5....#
#Y# #s# #.#
#.# ##.# #..#
#.## #.# #.#
#.#


You could see Grinder (very poisoned) and an ice beast.

Vanquished Creatures
  A kobold demonologist (D:5)
  A wyvern (D:5)
  Edmund (D:4)
  A black bear (D:4)
  An ogre (D:5)
  A centaur (D:5)
  2 phantoms
  4 scorpions
  3 hounds
  An orc priest (D:4)
  5 jellies
  4 iguanas
  An orc wizard (D:4)
  4 gnolls
  2 river rats (Sewer)
  4 adders
  2 shadow imps
  6 dart slugs
  18 orcs
  7 bats
  9 endoplasms
  3 giant cockroaches
  9 goblins
  5 hobgoblins
  2 quokkas (D:2)
  8 ball pythons
  6 frilled lizards
  11 kobolds
  16 rats
138 creatures vanquished.

Vanquished Creatures (others)
  11 plants (D:5)
  2 withered plants (D:3)
13 creatures vanquished.

Grand Total: 151 creatures vanquished

Notes
Turn   | Place    | Note
-------+----------+-------------------------------------------
     0 | D:1      | hikkokomori the Draconian Transmuter began the quest for
                  | the Orb.
     0 | D:1      | Reached XP level 1. HP: 16/16 MP: 3/3
   305 | D:1      | Found a faded altar of an unknown god.
   315 | D:1      | Got Plato's Secrets of the Coals
   348 | D:1      | Reached XP level 2. HP: 23/23 MP: 3/5
   831 | D:1      | Learned a level 2 spell: Wereblood
   921 | D:2      | Found Cangaulo's Antique Armour Boutique.
   945 | D:2      | Reached XP level 3. HP: 26/29 MP: 3/6
  1124 | D:2      | Found Retsarei's Book Boutique.
  1154 | D:2      | Found Manydaw's Antique Armour Emporium.
  1246 | D:2      | Found Uluxt's Magic Scroll Boutique.
  1258 | D:2      | Bought a scroll of teleportation for 42 gold pieces
  1559 | D:3      | Reached XP level 4. HP: 32/36 MP: 5/7
  1706 | D:3      | Found a sacrificial altar of Ru.
  1747 | D:3      | Found a hide-covered altar of Uskayaw.
  1875 | D:3      | Found a runed translucent gate.
  1876 | D:3      | Found a runed translucent gate.
  1877 | D:3      | Found a runed translucent gate.
  1878 | D:3      | Noticed koil's ghost (amateur DrTm)
  1878 | D:3      | Noticed Bravis's ghost (amateur GnWn)
  1879 | D:3      | Noticed greenreed's ghost (amateur DsHu)
  1879 | D:3      | Noticed KryptKrawler's ghost (weakling OpCj)
  2208 | D:3      | Found a burning altar of Makhleb.
  2298 | D:4      | Learned a level 3 spell: Spider Form
  2423 | D:4      | Noticed a scorpion
  2432 | D:4      | Killed a scorpion
  2433 | D:4      | Reached skill level 1 in Poison Magic
  2433 | D:4      | Reached XP level 5. HP: 35/42 MP: 5/9
  2497 | D:4      | Noticed a black bear
  2507 | D:4      | Killed a black bear
  2508 | D:4      | Reached XP level 6. HP: 45/51 MP: 10/10
  2985 | D:4      | Noticed Edmund
  3004 | D:4      | Killed Edmund
  3005 | D:4      | Your scales start taking on a pale cyan-grey colour.
  3005 | D:4      | Reached XP level 7. HP: 23/57 MP: 10/12
  3005 | D:4      | Gained mutation: You are immune to the effects of steam.
                  | [Pale Draconian growth]
  3569 | D:5      | Entered Level 5 of the Dungeon
  3591 | D:5      | Found a shimmering altar of Xom.
  3623 | D:5      | Noticed a kobold demonologist
  3637 | D:5      | Noticed a rust devil
  3648 | D:5      | Noticed a chaos spawn
  3652 | D:5      | Killed a kobold demonologist
  3653 | D:5      | Reached skill level 5 in Unarmed Combat
  3653 | D:5      | Reached XP level 8. HP: 53/67 MP: 5/14
  3730 | D:5      | Identified a scroll of acquirement
  3756 | D:5      | Reached skill level 5 in Fighting
  3784 | D:5      | Reached skill level 5 in Transmutations
  3829 | D:5      | Found a glowing drain.
  3878 | Sewer    | Entered a sewer
  4146 | Sewer    | Found a viscous altar of Jiyva.
  4211 | Sewer    | Identified the +2 dagger of the Endless March {vamp, rN+
                  | Int+3}
  4783 | D:5      | Reached skill level 5 in Spellcasting
  4886 | D:6      | Noticed Grinder
  4901 | D:6      | Constricted to death by Grinder

Illustrated notes

Levels and vault maps discovered:
D:1:      lightli_arrival_boilingwater, layout_basic,
          shapermc_ecumenical_altar_rom_forum, serial_curves, eino_curves_01,
          eino_curves_04
D:2:      layout_rooms, serial_shops, shop, nicolae_shop_crystal,
          nicolae_diamond_shop, nicolae_shop_crystal
D:3:      layout_basic, nicolae_overflow_hidden_temple,
          mainiacjoe_overflow_24_doors, gammafunk_ghost_cemetery
D:4:      cheibrodos_barr_body, layout_gridville, uniq_edmund
D:5:      layout_cave_pools, nicolae_overflow_crystal_walls,
          portal_sewer_entry_e, serial_bayou, serial_bayou_lagoon_b,
          serial_bayou_pond_e, serial_bayou_pond_b, serial_bayou_pond_e,
          serial_bayou_pond_a, serial_bayou_ford_a
D:6:      layout_rooms, minmay_temple_entry_wispy, minmay_manual_moon,
          uniq_grinder

Skill      XL: |  1  2  3  4  5  6  7  8 |
---------------+-------------------------+-----
Dodging        | 2 |  2.3
Fighting       | 2 3 4 5 |  5.5
Transmutations | 3 4 5 |  5.4
Poison Magic   | 1 2 3 4 |  4.5
Spellcasting   | 3 4 5 |  5.0
Unarmed Combat | 4 5 |  5.8

Action                   |  1- 3 |  4- 6 |  7- 9 || total
-------------------------+-------+-------+-------++-------
Melee: Unarmed           |    97 |   116 |   173 ||   386
       Kick              |    19 |    20 |    10 ||    49
       Headbutt          |    11 |    15 |     3 ||    29
       Tailslap          |     9 |     7 |     4 ||    20
       Punch             |       |     4 |     2 ||     6
 Cast: Beastly Appendage |    28 |    26 |     4 ||    58
       Wereblood         |     1 |       |     9 ||    10
       Spider Form       |       |     1 |    16 ||    17
 Abil: Breathe Steam     |       |       |     7 ||     7
       End Transformatio |       |       |     1 ||     1
  Use: Potion            |       |     1 |       ||     1
       Scroll            |       |     1 |     7 ||     8
Armor: Skin              |    33 |    35 |    19 ||    87
Dodge: Dodged            |    68 |    59 |    98 ||   225
Block: Other             |     3 |    24 |    38 ||    65
       Reflection        |     1 |     2 |       ||     3

Table legend: (Time is in decaauts)
 A = Elapsed time spent in this place.
 B = Non-inter-level travel time spent in this place.
 C = Inter-level travel time spent in this place.
 D = Time resting spent in this place.
 E = Time spent auto-exploring this place.
 F = Levels seen in this place.
 G = Mean time per level.
                   A        B        C        D        E       F      G
               +--------+--------+--------+--------+--------+-----+--------+
         Total |   4931 |   4846 |     85 |    181 |   3502 |   7 |  704.4 |
       Dungeon |   4391 |   4306 |     85 |     69 |   3289 |   6 |  731.8 |
         Sewer |    539 |    539 |      0 |    112 |    212 |   1 |  539.0 |
               +--------+--------+--------+--------+--------+-----+--------+

Top non-repeatable levels by time:
     D:4: 1268 daAuts
     D:1: 859 daAuts
     D:3: 847 daAuts
     D:5: 800 daAuts
     D:2: 581 daAuts
   Sewer: 539 daAuts
     D:6: 33 daAuts
